 Dungeon Crawl Stone Soup version 0.21-a0-39-g28ea6b7 (webtiles) character file.

9331 KristoblXynda the Carver (level 11, -8/82 HPs)
             Began as a White Draconian Monk on May 31, 2017.
             Was an Elder of Ashenzari.
             Mangled by an orc warrior (13 damage)
             ... in a bailey.
             The game lasted 00:28:34 (10651 turns).

KristoblXynda the Carver (White Draconian Monk)    Turns: 10651, Time: 00:28:35

Health: -8/82      AC: 10    Str: 12    XL:     11   Next: 21%
Magic:  16/16      EV: 15    Int: 13    God:    Ashenzari [****..]
Gold:   681        SH:  5    Dex: 14    Spells: 12/15 levels left

rFire    . . .     SeeInvis +   l - +3 long sword (curse)
rCold    + . .     Gourm    .   w - +0 buckler (curse)
rNeg     . . .     Faith    .   (armour unavailable)
rPois    .         Spirit   .   (helmet restricted)
rElec    .         Reflect  .   (no cloak)
rCorr    .         Harm     .   r - +1 pair of gloves (curse)
MR       .....     Clarity  +   u - +0 pair of boots
Stlth    +++++.....             (no amulet)
Regen    0.3/turn               k - ring of stealth (curse)
MPRegen  0.2/turn               f - +3 ring of slaying (curse)

@: no status effects
A: breathe frost, unfitting armour, see invisible, berserk 1, cold resistance 1,
weak 1, cold-blooded, subdued magic 1, AC +7
a: Breathe Frost, Curse Item, Scrying, Renounce Religion


You were in a bailey.
You worshipped Ashenzari.
Ashenzari was greatly pleased with you.
You were not hungry.

You visited 2 branches of the dungeon, and saw 11 of its levels.
You also visited: Bailey.

You collected 681 gold pieces.

Inventory:

Hand Weapons
 l - a cursed +3 long sword (weapon)
 q - a +1 scimitar of slicing
Missiles
 b - 5 throwing nets (quivered)
 x - 6 javelins
Armour
 r - a cursed +1 pair of gloves (worn)
 u - a +0 pair of boots (worn)
 w - a cursed +0 buckler (worn)
Jewellery
 f - a cursed +3 ring of slaying (right hand)
 k - a cursed ring of stealth (left hand)
 A - an uncursed amulet of guardian spirit
Wands
 m - a wand of iceblast (9/15)
 v - a wand of disintegration (10/24)
Scrolls
 c - 5 scrolls of teleportation
 h - 2 scrolls of fog
 C - a scroll of blinking
Potions
 g - 3 potions of heal wounds
 j - 2 potions of brilliance
 n - 3 potions of might
 o - 2 potions of lignification
 p - 3 potions of curing
 s - a potion of resistance
 t - a potion of cancellation
 z - 2 potions of agility {unknown}
Books
 e - a book of Minor Magic

   Spells                             Type                      Level
   a - Magic Dart                     Conjuration                  1
   b - Blink                          Translocation                2
   c - Call Imp                       Summoning                    2
   d - Slow                           Hexes                        2
   e - Conjure Flame                  Conjuration/Fire             3
   f - Mephitic Cloud                 Conjuration/Poison/Air       3
 y - a book of Enchantments

   Spells                             Type                      Level
   a - Cause Fear                     Hexes                        4
   b - Yara's Violent Unravelling     Hexes/Transmutation          5
   c - Silence                        Hexes/Air                    5
   d - Deflect Missiles               Charms/Air                   6
   e - Discord                        Hexes                        8
Comestibles
 a - 10 bread rations
 d - 9 meat rations
 i - 7 royal jellies


   Skills:
 - Level 3.2 Fighting
   Level 2.1(5.9) Short Blades
 - Level 8.8(12.3) Long Blades
 + Level 5.7 Dodging
 + Level 8.8 Stealth
 - Level 4.0(6.1) Shields
 - Level 4.0 Unarmed Combat
 + Level 2.9 Spellcasting
 - Level 3.7(5.8) Conjurations
 + Level 3.3(5.3) Air Magic
 + Level 7.5(9.8) Evocations


You had 12 spell levels left.
You knew the following spells:

 Your Spells              Type           Power        Failure   Level  Hunger
a - Mephitic Cloud        Conj/Pois/Air  #.......     12%         3    ###....


Dungeon Overview and Level Annotations

Branches:
Dungeon (10/15)            Temple (1/1) D:4            Lair (0/6) D:9
    Orc: D:9-12

Altars:
Ashenzari
Cheibriados
Dithmenos
Elyvilon
Fedhas
Gozag
Hepliaklqana
Kikubaaqudgha
Makhleb
Nemelex Xobeh
Okawaru
Qazlal
Ru
Sif Muna
Trog
Uskayaw
Vehumet
Wu Jian
Xom
Yredelemnul
Zin
The Shining One

Annotations:
D:10 Josephine


Innate Abilities, Weirdness & Mutations

You can breathe waves of freezing cold.
You can buffet flying creatures when you breathe cold.
Your icy white scales are hard. (AC +7)
You cannot fit into any form of body armour.
Your flesh is cold resistant. (rC+)
You are cold-blooded and may be slowed by cold attacks.
You have supernaturally acute eyesight. (SInv)
You tend to lose your temper in combat.
You are weak. (Str -2)
Your spells are a little easier to cast, but a little less powerful.


Message History

The orc warrior is moderately wounded.
The orc warrior hits you but does no damage.
You closely miss the orc warrior.
The orc warrior is moderately wounded.
The orc warrior misses you.
You riposte.
You hit the orc warrior but do no damage.
The orc warrior is moderately wounded.
You hit the orc warrior.
The orc warrior is moderately wounded.
You slash the orc warrior!
The orc warrior is severely wounded.
You block the orc warrior's attack.
You closely miss the orc warrior.
The orc warrior is severely wounded.
The orc warrior hits you!!
* * * LOW HITPOINT WARNING * * *
You hit the orc warrior.
The orc warrior is severely wounded.
The orc warrior hits you!
You die...

,, ,≈≈ ≈
#......≈≈≈≈≈≈≈≈ * ≈
#......≈≈≈≈≈≈≈ *
#......≈≈≈≈≈≈≈ *≈ *
#......≈≈≈≈≈≈≈* *
#......≈≈≈≈≈≈≈ *
#......≈≈≈≈≈≈≈ ***
#.....o≈≈≈≈≈≈≈* ≈
#.....@≈≈≈≈≈≈≈ ≈* * *
#.....(≈≈≈≈≈≈≈≈* *∩
#......≈≈≈≈≈≈≈ ≈
#.....(≈≈≈≈≈≈≈≈≈##≈
#......≈≈≈≈≈≈≈≈≈≈##
#......≈≈#.#≈≈≈≈≈≈#####
#......≈##.##≈≈≈≈≈≈≈≈≈≈
#......≈..^..≈≈≈≈≈≈≈≈≈≈
#......≈##.##≈≈≈≈≈≈≈≈≈≈


You could see an orc warrior.

Vanquished Creatures
  2 two-headed ogres (D:9)
  An unseen horror (D:10)
  Prince Ribbit (D:7)
  A wyvern (D:9)
  4 hogs (D:7)
  10 yaks
  A human (D:7)
  A basilisk (D:9)
  A sky beast (D:9)
  An ice beast (D:7)
  2 eyes of draining (D:5)
  5 orc warriors
  4 phantoms
  3 ogres
  3 centaurs
  A crocodile (D:9)
  2 bullfrogs
  Blork the orc (D:4)
  A gnoll sergeant (D:5)
  A wyvern zombie (D:9)
  A wyvern skeleton (D:9)
  6 scorpions
  The ghost of blackwizard the Gusty, a weakling TrAE of Gozag (D:3)
  13 killer bees
  2 wights (D:7)
  4 howler monkeys
  8 crimson imps
  A centaur zombie (D:9)
  4 jellies
  A quasit (D:8)
  4 hounds
  A bullfrog zombie (D:7)
  4 orc priests
  8 orc wizards
  3 bullfrog skeletons
  Ijyb (D:4)
  3 iguanas
  6 worker ants
  2 hound zombies
  A howler monkey zombie (D:6)
  2 worker ant zombies
  9 gnolls
  8 adders
  7 oozes
  An adder zombie (D:4)
  A worm (D:2)
  A dart slug (D:1)
  6 leopard geckos
  48 orcs
  17 bats
  8 giant cockroaches
  6 hobgoblins
  15 jackals
  4 quokkas
  2 ball pythons
  3 frilled lizards
  3 goblins
  13 kobolds
  A quokka zombie (D:6)
  5 rats
280 creatures vanquished.

Vanquished Creatures (others)
  11 fungi (D:4)
  5 toadstools (D:4)
16 creatures vanquished.

Grand Total: 296 creatures vanquished

Notes
Turn   | Place    | Note
-------+----------+-------------------------------------------
     0 | D:1      | KristoblXynda the Draconian Monk began the quest for the Orb.
     0 | D:1      | Reached XP level 1. HP: 19/19 MP: 1/1
   286 | D:1      | Reached XP level 2. HP: 23/26 MP: 2/2
   619 | D:2      | Reached XP level 3. HP: 31/31 MP: 3/3
   644 | D:2      | Reached skill level 1 in Short Blades
   948 | D:2      | You fall through a shaft for 2 floors!
  1143 | D:4      | Noticed Blork the orc
  1409 | D:4      | Reached XP level 4. HP: 37/38 MP: 4/4
  1462 | D:4      | Found a sacrificial altar of Ru.
  1814 | D:3      | Found a shattered altar of Ashenzari.
  1840 | D:3      | Became a worshipper of Ashenzari the Shackled
  1840 | D:3      | Reached * piety under Ashenzari
  1840 | D:3      | Reached ** piety under Ashenzari
  1901 | D:3      | Reached XP level 5. HP: 44/45 MP: 5/5
  1909 | D:3      | Reached skill level 1 in Long Blades
  2207 | D:3      | Found a sparkling altar of Nemelex Xobeh.
  2208 | D:3      | Found a basalt altar of Yredelemnul.
  2229 | D:3      | Noticed blackwizard's ghost (weakling TrAE)
  2778 | D:3      | Killed blackwizard's ghost
  2778 | D:3      | Reached XP level 6. HP: 43/51 MP: 6/6
  2782 | D:3      | Found a glowing silver altar of Zin.
  2782 | D:3      | Found a shadowy altar of Dithmenos.
  2788 | D:3      | Found a white marble altar of Elyvilon.
  2791 | D:3      | Found an ornate altar of the Wu Jian Council.
  3471 | D:4      | Your scales start taking on an icy white colour.
  3471 | D:4      | Reached XP level 7. HP: 53/57 MP: 7/7
  3471 | D:4      | Gained mutation: Your flesh is cold resistant. (rC+) [White Draconian growth]
  3502 | D:4      | Killed Blork the orc
  3658 | D:4      | Found a staircase to the Ecumenical Temple.
  3828 | D:4      | Noticed Ijyb
  3846 | D:4      | Killed Ijyb
  4209 | D:4      | Reached skill level 1 in Evocations
  4277 | D:4      | Reached skill level 5 in Dodging
  4291 | D:4      | Reached XP level 8. HP: 40/63 MP: 9/9
  4315 | D:4      | Reached skill level 5 in Long Blades
  4386 | Temple   | Entered the Ecumenical Temple
  4460 | D:5      | Entered Level 5 of the Dungeon
  4476 | D:5      | Reached skill level 5 in Stealth
  5074 | D:5      | Reached skill level 1 in Shields
  5105 | D:5      | Found a bloodstained altar of Trog.
  5353 | D:6      | Reached XP level 9. HP: 61/70 MP: 11/11
  5874 | D:7      | Reached skill level 5 in Evocations
  6194 | D:7      | Learned a level 3 spell: Mephitic Cloud
  6264 | D:7      | Reached *** piety under Ashenzari
  6377 | D:7      | Reached skill level 1 in Conjurations
  6481 | D:7      | Found a hide-covered altar of Uskayaw.
  6583 | D:7      | Found an ornate altar of the Wu Jian Council.
  6583 | D:7      | Noticed Prince Ribbit
  6772 | D:7      | Killed Prince Ribbit
  6772 | D:7      | Reached XP level 10. HP: 55/77 MP: 14/14
  8971 | D:9      | Found a staircase to the Lair.
  9002 | D:9      | Reached skill level 1 in Air Magic
  9006 | D:9      | Reached skill level 1 in Spellcasting
  9404 | D:9      | Reached **** piety under Ashenzari
  9419 | D:9      | Noticed a two-headed ogre
  9429 | D:9      | Killed a two-headed ogre
  9510 | D:9      | Noticed a two-headed ogre
  9530 | D:9      | Killed a two-headed ogre
  9530 | D:9      | Reached XP level 11. HP: 33/82 MP: 13/16
  9667 | D:9      | Gained mutation: You are robust. (+10% HP) [mutagenic meat]
  9668 | D:9      | Gained mutation: Your spells are a little easier to cast, but a little less powerful. [mutagenic meat]
  9669 | D:9      | Gained mutation: You tend to lose your temper in combat. [mutagenic meat]
  9670 | D:9      | Gained mutation: You have supernaturally acute eyesight. (SInv) [mutagenic meat]
  9671 | D:9      | Lost mutation: You are robust. (+10% HP) [mutagenic meat]
  9672 | D:9      | Gained mutation: You are weak. (Str -2) [mutagenic meat]
  9936 | D:10     | Entered Level 10 of the Dungeon
  9992 | D:10     | Noticed an unseen horror
 10023 | D:10     | Killed an unseen horror
 10042 | D:10     | Noticed Josephine
 10093 | D:10     | Found a flagged portal.
 10100 | Bailey   | Entered a bailey
 10651 | Bailey   | Mangled by an orc warrior

Vault maps used:
D:1:      lightli_arrival_boilingwater
D:3:      lemuel_coloured_pillars_altar, grunt_temple_overflow_open
D:4:      cheibrodos_fertilizer, hangedman_ru_absence,
          minmay_temple_entry_purple_smoke, first_bread, roderic_batcave,
          uniq_blork_the_orc, uniq_ijyb
D:5:      trog_eyes_of_draining
D:6:      kennysheep_generic_room_3
D:7:      eat_drink_and_be_merry_uskayaw, basic_altar, grunt_livestock,
          uniq_prince_ribbit1, uniq_menkaure
D:9:      lair_entry_dummy
D:10:     serial_shops, shop, enter_bailey_2, fedhas_altar_1, uniq_josephine
Temple:   cyrus_circular_temple
Bailey:   bailey_polearm_2, bailey

Skill      XL: |  1  2  3  4  5  6  7  8  9 10 11 |
---------------+----------------------------------+-----
Stealth        | 2 3 4 5 7 8 |  8.8
Dodging        | 3 4 5 |  5.7
Short Blades   | 1 2 |  2.1
Long Blades    | 2 3 4 6 7 8 |  8.8
Unarmed Combat | 4 |  4.0
Evocations     | 1 3 5 7 |  7.5
Shields        | 2 4 |  4.0
Conjurations   | 2 3 |  3.7
Air Magic      | 2 3 |  3.3
Spellcasting   | 2 |  2.9
Fighting       | |  3.2

Action                   |  1- 3 |  4- 6 |  7- 9 | 10-12 || total
-------------------------+-------+-------+-------+-------++-------
Melee: Unarmed           |    23 |       |       |       ||    23
       Short sword       |    68 |    35 |       |       ||   103
       Tailslap          |     6 |    15 |    65 |    42 ||   128
       Punch             |     2 |     3 |     1 |       ||     6
       Long sword        |       |   114 |   376 |   296 ||   786
 Cast: Mephitic Cloud    |       |       |       |     3 ||     3
Invok: Curse Item        |       |     2 |     1 |     2 ||     5
 Abil: Breathe Frost     |       |       |     1 |     4 ||     5
  Use: Scroll            |     3 |     1 |    12 |     2 ||    18
       Potion            |     3 |     2 |     1 |     2 ||     8
 Stab: Sleeping          |     5 |    12 |    11 |    11 ||    39
       Distracted        |       |       |     1 |       ||     1
       Confused          |       |       |       |     3 ||     3
  Eat: Royal jelly       |     1 |       |       |     3 ||     4
       Chunk             |       |     6 |     9 |    12 ||    27
       Fruit             |       |       |     4 |     2 ||     6
Armor: Skin              |    21 |    34 |    80 |    69 ||   204
Dodge: Dodged            |    62 |   130 |   242 |   172 ||   606
Block: Buckler           |       |       |    46 |    72 ||   118
       Rpst.: Long sword |       |    26 |    73 |    43 ||   142
